 Dungeon Crawl Stone Soup version 0.31.0-32-g396128a36d (webtiles) character file.

Game seed: 5493910112656583057

7305 spaghetti the Covert (level 11, -13/145 HPs)
             Began as a Naga Summoner on Mar 10, 2024.
             Was an Initiate of Gozag.
             Mangled by Snorg (15 damage)
             ... on level 10 of the Dungeon.
             The game lasted 00:16:10 (10977 turns).

spaghetti the Covert (Naga Summoner)               Turns: 10977, Time: 00:16:10

Health: -13/145    AC: 10    Str: 11    XL:     11   Next: 13%
Magic:  4/19       EV: 11    Int: 20    God:    Gozag
Gold:   387        SH:  0    Dex: 11    Spells: 7/21 levels left

rFire   . . .        D - +5 Force Lance {heavy, knockback}
rCold   . . .        (no shield)
rNeg    + . .        C - +2 robe {Will+}
rPois   +            f - +0 helmet
rElec   .            g - +0 cloak
rCorr   .            p - +1 pair of gloves
SInv    +            (no barding)
Will    ++...        E - amulet of the acrobat Stlth
                     k - ring of positive energy
HPRegen 0.44/turn    (no ring)
MPRegen 0.16/turn

%: acrobat
@: berserking, unable to call your familiar, quick
A: AC +3, large, see invisible, deformed body, poison resistance, slowness 2,
spit poison 1, naga tail 1
a: Spit Poison, Renounce Religion, Potion Petition, Call Merchant, Bribe Branch


You were on level 10 of the Dungeon.
You worshipped Gozag.
Gozag was aware of your devotion.
You visited 2 branches of the dungeon, and saw 11 of its levels.

You collected 535 gold pieces.
You paid 148 gold pieces to Gozag.

Inventory:

Hand Weapons
 c - a +0 whip of freezing
 r - a +2 whip of electrocution
 D - the +5 Force Lance (weapon) {heavy, knockback}
   (You found it on level 5 of the Dungeon)
Armour
 f - a +0 helmet (worn)
 g - a +0 cloak (worn)
 p - a +1 pair of gloves (worn)
 C - a +2 robe of willpower (worn)
 H - +0 steam dragon scales
Magical Staves
 o - a staff of death
Jewellery
 k - a ring of positive energy (left hand)
 E - an amulet of the acrobat (around neck)
 L - an amulet of reflection
 N - a ring of flight
 Q - a ring of positive energy
Wands
 t - a wand of flame (43)
 F - a wand of iceblast (8)
 P - a wand of paralysis (6)
Scrolls
 a - a scroll of fear
 d - a scroll of noise
 h - 2 scrolls of brand weapon
 u - 4 scrolls of vulnerability
 w - 2 scrolls of enchant armour
 y - a scroll of revelation
 z - 2 scrolls of fog
 G - 2 scrolls of enchant weapon
 I - 2 scrolls of amnesia
 K - a scroll of teleportation {unknown}
 M - 2 scrolls of blinking
 O - 3 scrolls of immolation {unknown}
Potions
 b - a potion of magic
 e - a potion of heal wounds
 i - 2 potions of brilliance
 j - 2 potions of invisibility {unknown}
 l - a potion of haste {unknown}
 m - a potion of resistance {unknown}
 n - 5 potions of curing
 q - 2 potions of attraction {unknown}
 s - 2 potions of lignification {unknown}
 v - a potion of degeneration {unknown}
 A - 4 potions of might {unknown}
 B - 2 potions of mutation {unknown}
 J - a potion of enlightenment {unknown}


   Skills:
 + Level 5.9 Fighting
 + Level 5.4 Dodging
 + Level 9.9 Stealth
 + Level 5.8 Spellcasting
 + Level 8.1 Summonings
 - Level 0.1 Necromancy
 - Level 5.0 Fire Magic
 + Level 4.6 Air Magic
 + Level 5.8 Evocations


You had 7 spell levels left.
You knew the following spells:

 Your Spells              Type           Power      Damage    Failure   Level
a - Summon Small Mammal   Summ           100%       N/A       1%          1
b - Call Imp              Summ           76%        N/A       1%          2
c - Call Canine Familiar  Summ           38%        N/A       1%          3
d - Summon Blazeheart Go  Fire/Summ      32%        N/A       7%          4
e - Summon Lightning Spi  Summ/Air       31%        N/A       8%          4

Your spell library contained the following spells:

 Spells                   Type           Power      Damage    Failure   Level
 Cigotuvi's Dreadful Rot  Necr/Alch/Air  24%        N/A       9%          2
 Ignite Poison            Fire/Alch      15%        N/A       36%         4
 Vhi's Electric Charge    Tloc/Air       30%        N/A       38%         4
 Manifold Assault         Tloc           5%         N/A       71%         4
 Arcjolt                  Conj/Air       7%         1d17      75%         5
 Freezing Cloud           Conj/Ice/Air   6%         6-21      83%         5
 Borgnjor's Vile Clutch   Necr/Erth      3%         N/A       96%         5
 Death Channel            Necr           3%         N/A       100%        6
 Dispersal                Tloc           2%         N/A       100%        6
 Disjunction              Tloc           2%         N/A       100%        8
 Maxwell's Capacitive Co  Air            12%        ∞         100%        8
 Animate Dead             Necr           Unusable   N/A       N/A         4

Dungeon Overview and Level Annotations

Branches:
Dungeon (10/15)            Temple (1/1) D:7
   Lair: D:8-11         Orc: D:9-12

Altars:
Ashenzari
Cheibriados
Dithmenos
Elyvilon
Fedhas
Gozag
Hepliaklqana
Kikubaaqudgha
Makhleb
Nemelex Xobeh
Qazlal
Ru
Sif Muna
Trog
Uskayaw
Vehumet
Wu Jian
Xom
Yredelemnul
Zin
The Shining One

Annotations:
D:5 5 runed translucent doors, Tripartite's ghost, novice FoFi
D:10 Snorg


Innate Abilities, Weirdness & Mutations

Your serpentine skin is tough. (AC +3)
You have supernaturally acute eyesight. (SInv)
Armour fits poorly on your strangely shaped body.
Your system is resistant to poisons. (rPois)
You cover ground very slowly.
You can spit poison.
You have a snake-like lower body.


Message History

Your inugami disappears in a puff of smoke!
Casting: Call Imp (safe; 1% risk of failure)
Confirm with . or Enter, or press ? or * to list all spells.
You don't have enough magic to cast this spell.
A red film seems to cover your vision as you go berserk!
You feel yourself moving faster!
You feel mighty!
Your cerulean imp hits Snorg with a -1 spear.
Your magical contamination has completely faded away.
You puncture Snorg!
Snorg is knocked back by the blow.
Snorg is heavily wounded.
Your cerulean imp barely misses Snorg.
You hit Snorg.
Snorg is knocked back by the blow.
Snorg is heavily wounded.
Your cerulean imp misses Snorg.
You puncture Snorg!
Snorg is knocked back by the blow.
Snorg is severely wounded.
Your cerulean imp hits Snorg with a -1 spear.
You puncture Snorg!
Snorg is severely wounded.
Snorg bites you! Snorg claws you! Snorg closely misses you.
Your cerulean imp hits Snorg with a -1 spear.
Snorg bites you!
* * * LOW HITPOINT WARNING * * *
Snorg closely misses you. Snorg barely misses you.
Your cerulean imp hits Snorg with a -1 spear.
You barely miss Snorg.
Snorg is severely wounded.
Snorg bites you but does no damage. Snorg claws you!
* * * LOW HITPOINT WARNING * * *
Snorg barely misses you.
Your cerulean imp barely misses Snorg.
Snorg bites you.
* * * LOW HITPOINT WARNING * * *
Snorg claws you!
* * * LOW HITPOINT WARNING * * *
Snorg misses you.
You closely miss Snorg.
Snorg is severely wounded.
Snorg bites you!
You die...
Your body crumbles into a pile of gold.

#..<...h.o.......#...#.
#>......###....#...#...#
#.......# #......#...#..
#.......#
#....#...#...#.
#.......#
#......#...#...#
#.......#
#...9#...#...#..
#.......#
#......#...#...#.
#.......#
#.5T[#...#...#...#.
#..@#..#)..#...#.. #
#...###..#...#...#..
#$..# #....#...#...#
..f.......#
#......#...#..
..........#
#........#....
...####...# #.........#
.. #...# #<.......##
#...# #........# #...#
#........#


You could see Snorg (berserk, ally target), a friendly blazeheart golem
(summoned, paralysed) and a friendly cerulean imp (summoned).

Vanquished Creatures
  Erica (D:8)
  A nameless horror (D:4)
  Joseph (D:8)
  A gargoyle (D:10)
  2 trolls
  A wyvern (D:9)
  2 steam dragons
  A water moccasin (D:9)
  Duvessa (D:5)
  A black bear (D:5)
  An orc warrior (D:7)
  2 centaurs
  A phantom (D:7)
  3 bullfrogs
  A scorpion (D:7)
  3 wights (D:8)
  Dowan (D:5)
  2 killer bees
  A howler monkey (D:4)
  2 hounds
  3 orc priests (D:5)
  2 iguanas (D:4)
  3 orc wizards
  Ijyb (D:4)
  5 gnolls
  3 adders
  A ribbon worm (D:2)
  10 orcs
  2 giant cockroaches
  6 hobgoblins
  7 kobolds
  A quokka (D:2)
  2 ball pythons (D:3)
  2 bats (D:1)
  A rat (D:1)
78 creatures vanquished.

Vanquished Creatures (collateral kills)
  A two-headed ogre (D:10)
  Urug (D:10)
  Maurice (D:10)
  Psyche (D:8)
  A hornet (D:9)
  Grinder (D:3)
  A wyvern (D:9)
  2 acid dragons
  A water moccasin (D:9)
  An orc warrior (D:9)
  An ogre (D:5)
  A kobold brigand (D:6)
  A bullfrog (D:8)
  A wight (D:8)
  2 killer bees (D:7)
  A howler monkey (D:4)
  3 hounds
  2 bombardier beetles
  2 orc priests
  A sleepcap (D:7)
  An iguana (D:6)
  5 orc wizards
  2 gnolls (D:3)
  3 adders
  A shadow imp (D:7)
  2 dart slugs (D:1)
  8 ribbon worms
  20 orcs
  4 bats
  4 endoplasms
  A giant cockroach (D:2)
  A goblin (D:4)
  2 hobgoblins
  7 kobolds
  2 quokkas
  A ball python (D:4)
  4 rats
94 creatures vanquished.

Vanquished Creatures (others)
  6 blazeheart cores
6 creatures vanquished.

Grand Total: 178 creatures vanquished

Notes
Turn   | Place    | Note
-------+----------+-------------------------------------------
     0 | D:1      | spaghetti the Naga Summoner began the quest for the Orb.
     0 | D:1      | Reached XP level 1. HP: 15/15 MP: 3/3
    89 | D:1      | Reached XP level 2. HP: 6/22 MP: 1/5
   233 | D:1      | Learned a level 2 spell: Call Imp
   794 | D:2      | Reached skill level 5 in Summonings
   794 | D:2      | Reached XP level 3. HP: 18/28 MP: 2/6
   798 | D:2      | Learned a level 3 spell: Call Canine Familiar
  1827 | D:3      | Reached XP level 4. HP: 15/36 MP: 2/7
  2244 | D:3      | Found a faded altar of an unknown god.
  2248 | D:3      | Noticed Grinder
  2260 | D:3      | Paralysed by Grinder for 2 turns
  2264 | D:3      | Killed Grinder
  2265 | D:3      | Reached skill level 1 in Fighting
  2265 | D:3      | Reached skill level 4 in Stealth
  2265 | D:3      | Reached skill level 1 in Evocations
  2265 | D:3      | Reached XP level 5. HP: 44/44 MP: 2/8
  2265 | D:3      | Reached XP level 6. HP: 51/51 MP: 2/9
  3320 | D:4      | Reached XP level 7. HP: 51/60 MP: 4/11
  3325 | D:4      | Learned a level 4 spell: Summon Blazeheart Golem
  3474 | D:4      | Found a blossoming altar of Fedhas.
  3606 | D:4      | Found a shimmering blue altar of Sif Muna.
  3669 | D:4      | Noticed Ijyb
  3672 | D:4      | Noticed a nameless horror
  3681 | D:4      | Killed a nameless horror
  3925 | D:4      | Killed Ijyb
  3926 | D:4      | Reached skill level 5 in Stealth
  4121 | D:5      | Entered Level 5 of the Dungeon
  4121 | D:5      | Found a large runed translucent door.
  4121 | D:5      | Found a large runed translucent door.
  4126 | D:5      | Noticed a wraith
  4128 | D:5      | Reached skill level 1 in Fire Magic
  4260 | D:5      | Noticed Tripartite's ghost (novice FoFi)
  4263 | D:5      | Found a runed translucent door.
  4456 | D:5      | Noticed Duvessa
  4464 | D:5      | Noticed Dowan
  4475 | D:5      | Killed Dowan
  4476 | D:5      | Killed Duvessa
  4477 | D:5      | Reached XP level 8. HP: 57/68 MP: 0/13
  4673 | D:5      | Found a large runed translucent door.
  4673 | D:5      | Found a large runed translucent door.
  4837 | D:5      | Learned a level 4 spell: Summon Lightning Spire
  4883 | D:5      | Reached skill level 6 in Stealth
  5126 | D:5      | Noticed a troll
  5143 | D:5      | Killed a troll
  5318 | D:5      | Found the +5 Force Lance {heavy, knockback}
  5523 | D:5      | Reached skill level 1 in Air Magic
  6146 | D:6      | Reached XP level 9. HP: 78/78 MP: 11/15
  6915 | D:7      | Reached skill level 7 in Stealth
  7449 | D:7      | Found a staircase to the Ecumenical Temple.
  8034 | D:8      | Noticed Joseph
  8049 | D:8      | Killed Joseph
  8204 | D:8      | Found a hazy altar of Hepliaklqana.
  8247 | D:8      | Noticed Psyche
  8254 | D:8      | Killed Psyche
  8255 | D:8      | Reached skill level 8 in Stealth
  8255 | D:8      | Reached XP level 10. HP: 82/87 MP: 1/17
  8560 | D:8      | Reached skill level 5 in Spellcasting
  8862 | D:8      | Noticed Erica
  8873 | D:8      | Killed Erica
  8874 | D:8      | Reached skill level 5 in Fighting
  9388 | D:9      | Reached skill level 5 in Evocations
  9527 | D:9      | Reached skill level 9 in Stealth
  9975 | D:9      | Found a glowing golden altar of the Shining One.
 10006 | D:9      | Found a shimmering altar of Xom.
 10021 | D:9      | Reached skill level 5 in Dodging
 10305 | Temple   | Entered the Ecumenical Temple
 10315 | Temple   | Became a worshipper of Gozag Ym Sagoz the Greedy
 10395 | D:10     | Entered Level 10 of the Dungeon
 10410 | D:10     | Noticed Urug
 10410 | D:10     | Noticed a two-headed ogre
 10465 | D:10     | Noticed a gargoyle
 10474 | D:10     | Killed a gargoyle
 10762 | D:10     | Killed a two-headed ogre
 10763 | D:10     | Reached skill level 5 in Fire Magic
 10823 | D:10     | Noticed Maurice
 10832 | D:10     | Killed Urug
 10833 | D:10     | Reached XP level 11. HP: 56/97 MP: 6/19
 10834 | D:10     | Maurice stole a staff of death
 10834 | D:10     | Maurice stole a ring of positive energy
 10836 | D:10     | Maurice stole 365 gold
 10842 | D:10     | Killed Maurice
 10963 | D:10     | Noticed Snorg
 10976 | D:10     | HP: 2/145 [Snorg (17)]
 10977 | D:10     | Mangled by Snorg

Illustrated notes

Levels and vault maps discovered:
D:1:      dpeg_arrival_refuge, layout_rooms, minmay_pentomino_t4
D:2:      layout_basic, nicolae_figureground_pulse
D:3:      layout_loops_cross, dreamdust_ecumenical_altar_statues, uniq_grinder
D:4:      layout_rooms, led_sif_pool, fedhas_altar_3, serial_park_tiny_2,
          chequers_serial_rivers_small_3, nicolae_wormholes, uniq_ijyb
D:5:      layout_basic, hellmonk_ghost_happy_afterlife,
          minmay_hollow_rounded_squares, uniq_duvessa
D:6:      layout_basic
D:7:      layout_rooms, minmay_temple_entry_glassed_door, serial_aquarium,
          aquarium_bridge_square [aquarium_subvault_balcony,
          aquarium_subvault_bridge, aquarium_subvault_wall,
          aquarium_subvault_bridge], aquarium_window_2, aquarium_window_2,
          aquarium_window_1, aquarium_window_corner, aquarium_view_2d,
          aquarium_pool_five
D:8:      layout_cave_pods, mainiacjoe_overflow_surrounded_room,
          chequers_decorated_corner, uniq_erica, uniq_psyche, uniq_joseph
D:9:      layout_rooms, mainiacjoe_overflow_catwalk,
          mainiacjoe_overflow_boulevard
D:10:     layout_long_grid, lemuel_round_altar, david_orc_4,
          gammafunk_ghost_necromancy, hex_large, uniq_snorg, uniq_josephine,
          uniq_urug, uniq_maurice
Temple:   nicolae_temple_x_marks_the_god

Skill      XL: |  1  2  3  4  5  6  7  8  9 10 |
---------------+-------------------------------+-----
Summonings     | 5 6 7 8 |  8.1
Fighting       | 1 2 3 4 5 |  5.9
Dodging        | 2 3 4 5 |  5.4
Stealth        | 4 5 6 8 9 |  9.9
Evocations     | 1 2 3 4 5 |  5.8
Spellcasting   | 3 4 5 |  5.8
Fire Magic     | 1 2 3 5 |  5.0
Air Magic      | 1 3 4 |  4.6
Necromancy     | |  0.1

Action                     |  1- 3 |  4- 6 |  7- 9 | 10-12 || total
---------------------------+-------+-------+-------+-------++-------
  Melee: Unarmed           |    33 |       |       |       ||    33
         Whip              |    28 |    50 |    95 |       ||   173
         Staff             |     4 |     2 |       |       ||     6
         Punch             |       |     2 |       |       ||     2
         Lance             |       |       |   102 |    65 ||   167
   Cast: Summon Small Mamm |    10 |    11 |    25 |    10 ||    56
         Call Imp          |    18 |    15 |    43 |    19 ||    95
         Call Canine Famil |     8 |    12 |    35 |    19 ||    74
         Summon Blazeheart |       |       |    12 |    11 ||    23
         Summon Lightning  |       |       |     1 |     8 ||     9
Ability: Spit Poison       |     4 |     1 |     4 |       ||     9
    Use: Scroll            |     4 |     5 |     5 |     1 ||    15
         Potion            |       |       |     1 |     2 ||     3
   Stab: Sleeping          |     3 |     1 |     3 |       ||     7
         Distracted        |     1 |     2 |       |     1 ||     4
 Armour: Robe              |    58 |    52 |   188 |    91 ||   389
  Dodge: Dodged            |    56 |    44 |   131 |    49 ||   280
